 Dungeon Crawl Stone Soup version 0.25-a0-528-g6b7c99946c (webtiles) character file.

Game seed: 3572191625992989372, levelgen mode: deterministic

4851 Flugslaktarn the Cleaver (level 10, 67/94 HPs)
             Began as a Deep Dwarf Fighter on Feb 19, 2020.
             Was a Follower of Makhleb.
             Quit the game on level 9 of the Dungeon.
             The game lasted 00:03:57 (4123 turns).

Flugslaktarn the Cleaver (Deep Dwarf Fighter)       Turns: 4123, Time: 00:03:58

Health: 67/94      AC: 12    Str: 29    XL:     10   Next: 25%
Magic:  6/6        EV:  8    Int:  8    God:    Makhleb [*.....]
Gold:   0          SH:  0    Dex: 12    Spells: 9/9 levels left

rFire    . . .     SeeInvis .   l - +1 battleaxe
rCold    . . .     Gourm    .   (shield currently unavailable)
rNeg     . . .     Faith    .   n - +0 chain mail
rPois    .         Spirit   .   v - +0 helmet
rElec    .         Reflect  .   (no cloak)
rCorr    +         Harm     .   (no gloves)
MR       +....                  (no boots)
Stlth    ..........             (no amulet)
HPRegen  0.00/turn              k - ring of resist corrosion
MPRegen  0.10/turn              (no ring)

@: mighty, non-regenerating
A: damage resistance, heal wounds, sense surroundings 2, no regeneration
a: Heal Wounds, Renounce Religion


You were on level 9 of the Dungeon.
You worshipped Makhleb.
Makhleb was aware of your devotion.
You were near starving.

You visited 2 branches of the dungeon, and saw 9 of its levels.

Inventory:

Hand Weapons
 l - a +1 battleaxe (weapon)
   (You found it on level 4 of the Dungeon)
Armour
 n - a +0 chain mail (worn)
   (You took it off an orc on level 4 of the Dungeon)
 v - a +0 helmet (worn)
   (You found it on level 6 of the Dungeon)
Jewellery
 k - a ring of resist corrosion (left hand)
   (You found it on level 6 of the Dungeon)
Scrolls
 a - a scroll of fog
 c - a scroll of immolation {unknown}
 f - a scroll of blinking {unknown}
 i - 3 scrolls of magic mapping
 t - 2 scrolls of teleportation
 w - 4 scrolls of remove curse
Potions
 b - 2 potions of brilliance {unknown}
 g - 2 potions of stabbing
 j - 2 potions of ambrosia
 p - 2 potions of haste {unknown}
 q - 3 potions of curing
Comestibles
 e - 14 rations


   Skills:
 + Level 7.0 Fighting
 * Level 11.0 Axes
 + Level 8.4 Armour
   Level 4.9 Shields
 + Level 5.3 Invocations


You had 9 spell levels left.
You didn't know any spells.
Your spell library was empty.

Dungeon Overview and Level Annotations

Branches:
Dungeon (7/15)             Temple (1/1) D:5             Orc (0/2) D:9

Altars:
Ashenzari
Cheibriados
Dithmenos
Elyvilon
Fedhas
Gozag
Hepliaklqana
Kikubaaqudgha
Makhleb
Nemelex Xobeh
Okawaru
Qazlal
Ru
Sif Muna
Trog
Uskayaw
Vehumet
Wu Jian
Xom
Yredelemnul
Zin
The Shining One

Annotations:
D:9 Maurice


Innate Abilities, Weirdness & Mutations

You are resistant to damage.
You can heal yourself by infusing magical energy.
You passively map the area around you.
You do not regenerate.


Message History

Maurice mumbles some strange words.
Maurice puts on a burst of speed!
You see here a stone.
You see here a stone.
Maurice mumbles some strange words.
Maurice blinks!
You see here a stone.
Maurice says, "Very interesting."
Maurice gestures wildly while chanting.
Maurice flickers and vanishes!
Deactivating autopickup; reactivate with Ctrl-A.
You hit something. Something hits you but does no damage.
You closely miss something. Something hits you but does no damage.
You miss something. Something hits you.
Something grunts, "Curses!"
You hear some strange, mumbled words.
You miss something. Something hits you.
Something mutters, "Now where did you hide it?"
You hear some strange, mumbled words.
Are you sure you want to abandon this character and quit the game? (Confirm with "yes".)

#...# #.[# ##.##
##..## ##..# #..#
### ##..##
##...####.## #.#
##..####.....##..#
#.#
##....).........#
#.#
#....).........#
#.#
##.....#####..##
#.# #.....## ####
#.# ##@..### ####
#.## #...##
###..###
##.######### #..##
##......#
#.........# #..#
#........
#.........####.#
#........
########...# #.#
#####.... #####
##..###.# ###..
!...## ##...##..#
##.
###..####...###..#
##


There were no monsters in sight!

Vanquished Creatures
  Pikel (D:4)
  A queen bee (D:9)
  A hippogriff (D:9)
  Eustachio (D:4)
  4 yaks (D:9)
  Sigmund (D:3)
  A wyvern (D:9)
  Duvessa (D:4)
  2 ice beasts (D:5)
  A slave (D:4)
  7 centaurs
  2 ogres
  3 bullfrogs
  3 scorpions
  Dowan (D:4)
  13 killer bees (D:9)
  2 howler monkeys
  A crimson imp (D:9)
  A centaur skeleton (D:9)
  A jelly (D:9)
  3 hounds
  6 orc wizards
  A bullfrog skeleton (D:5)
  5 orc priests
  An iguana (D:5)
  5 worker ants
  2 hound zombies (D:5)
  A hound skeleton (D:6)
  Robin (D:3)
  4 gnolls (D:6)
  6 adders
  2 oozes (D:4)
  An adder skeleton (D:9)
  A worm (D:2)
  A dart slug (D:2)
  2 leopard geckos
  23 orcs
  2 ball pythons
  A bat (D:2)
  3 giant cockroaches
  5 hobgoblins
  A quokka (D:5)
  3 frilled lizards (D:2)
  13 goblins
  2 jackal skeletons (D:5)
  5 kobolds
  A quokka skeleton (D:5)
  5 rats
154 creatures vanquished.

Vanquished Creatures (others)
  An orc wizard (D:5)
1 creature vanquished.

Grand Total: 155 creatures vanquished

Notes
Turn   | Place    | Note
-------+----------+-------------------------------------------
     0 | D:1      | Flugslaktarn the Deep Dwarf Fighter began the quest for the
                  | Orb.
     0 | D:1      | Reached XP level 1. HP: 20/20 MP: 1/1
   175 | D:2      | Reached XP level 2. HP: 24/27 MP: 2/2
   245 | D:2      | Reached skill level 3 in Axes
   278 | D:2      | Reached XP level 3. HP: 34/34 MP: 3/3
   523 | D:3      | Reached XP level 4. HP: 23/42 MP: 4/4
   554 | D:3      | Noticed Robin
   564 | D:3      | Killed Robin
   610 | D:3      | Found a shimmering altar of Xom.
   684 | D:3      | Noticed Sigmund
   700 | D:3      | Killed Sigmund
   700 | D:3      | Reached skill level 4 in Axes
   700 | D:3      | Reached XP level 5. HP: 24/49 MP: 4/4
   700 | D:3      | Reached XP level 6. HP: 27/56 MP: 5/5
   719 | D:4      | Noticed Eustachio
   765 | D:4      | Killed Eustachio
   765 | D:4      | Reached skill level 5 in Axes
   859 | D:4      | Reached XP level 7. HP: 37/64 MP: 5/5
   919 | D:4      | Noticed Duvessa
   922 | D:4      | Noticed Dowan
   934 | D:4      | Reached skill level 5 in Armour
   939 | D:4      | Killed Dowan
   939 | D:4      | Reached skill level 6 in Axes
   949 | D:4      | Killed Duvessa
  1171 | D:4      | Noticed Pikel
  1181 | D:4      | Killed Pikel
  1181 | D:4      | Reached skill level 5 in Fighting
  1181 | D:4      | Reached skill level 7 in Axes
  1181 | D:4      | Reached XP level 8. HP: 55/74 MP: 4/4
  1358 | D:5      | Entered Level 5 of the Dungeon
  1363 | D:5      | Reached skill level 8 in Axes
  1419 | D:5      | Found a basalt altar of Yredelemnul.
  1543 | D:5      | Reached skill level 9 in Axes
  1543 | D:5      | Gained mutation: You passively map the area around you.
                  | [Deep Dwarf growth]
  1543 | D:5      | Reached XP level 9. HP: 49/82 MP: 5/5
  1577 | D:5      | Found a staircase to the Ecumenical Temple.
  1596 | Temple   | Entered the Ecumenical Temple
  1701 | Temple   | Became a worshipper of Makhleb the Destroyer
  1991 | D:6      | Reached skill level 1 in Invocations
  2936 | D:7      | You fall into a shaft and drop 2 floors!
  2957 | D:9      | Reached * piety under Makhleb
  2973 | D:9      | Reached skill level 10 in Axes
  2985 | D:9      | Noticed Maurice
  3060 | D:9      | Noticed a queen bee
  3080 | D:9      | HP: 1/85 [killer bee (4)]
  3085 | D:9      | Killed a queen bee
  3249 | D:9      | Reached XP level 10. HP: 67/92 MP: 5/5
  3647 | D:9      | Found a staircase to the Orcish Mines.
  3744 | D:9      | Reached skill level 5 in Invocations
  3747 | D:9      | Reached skill level 11 in Axes
  4123 | D:9      | Quit the game

Levels and vault maps discovered:
D:1:      eino_arrival_cavern_e, layout_basic, minmay_pentomino_v2
D:2:      layout_basic
D:3:      layout_basic, xom_butterflies, grunt_ministairs_15, uniq_robin,
          uniq_ijyb, uniq_sigmund, uniq_natasha
D:4:      layout_cave_pools, first_ration, uniq_eustachio, uniq_pikel,
          uniq_duvessa
D:5:      layout_cave_pools, minmay_temple_entry_trees, basic_altar,
          minmay_misc_feat_alley
D:6:      layout_loops_ring, minmay_parallelograms
D:7:      layout_rooms
D:9:      layout_layer_cave, orc_0_dummy, david_nohive_1, uniq_maurice
Temple:   kilobyte_greek_temple

Skill      XL: |  1  2  3  4  5  6  7  8  9 10 |
---------------+-------------------------------+-----
Axes           | 3 4 5 7 9 10 11 | 11.0
Fighting       | 3 4 5 6 7 |  7.0
Shields        | 4 |  4.9
Armour         | 4 6 7 8 |  8.4
Invocations    | 4 5 |  5.3

Action                   |  1- 3 |  4- 6 |  7- 9 | 10-12 || total
-------------------------+-------+-------+-------+-------++-------
Melee: War axe           |    64 |   121 |       |       ||   185
       Battleaxe         |       |       |   338 |    56 ||   394
 Abil: Heal Wounds       |     1 |     5 |    28 |     1 ||    35
  Use: Scroll            |       |       |     9 |       ||     9
       Potion            |       |       |     1 |     1 ||     2
  Eat: Chunk             |       |       |     3 |       ||     3
       Ration            |       |       |     2 |       ||     2
Armor: Scale mail        |    32 |    88 |    76 |       ||   196
       Chain mail        |       |       |   316 |    41 ||   357
Dodge: Dodged            |    20 |    74 |   276 |    32 ||   402
Block: Kite shield       |    32 |    96 |       |       ||   128

Table legend:
 A = Non-vault XP
 B = Vault XP
 C = Vault XP percentage of total XP
 D = Non-vault monster count
 E = Vault monster count
 F = Vault count percentage of total count
                 A         B        C        D         E       F
            +---------+---------+-------+---------+---------+-------
      Total |    4489 |    2442 |  35.2 |     122 |      32 |  20.8
            +---------+---------+-------+---------+---------+-------
        D:1 |       8 |       0 |   0.0 |       6 |       0 |   0.0
        D:2 |      56 |       0 |   0.0 |      17 |       0 |   0.0
        D:3 |      89 |     235 |  72.5 |       9 |      14 |  60.9
        D:4 |     478 |    1097 |  69.7 |      26 |       4 |  13.3
        D:5 |     945 |       0 |   0.0 |      24 |       0 |   0.0
        D:6 |     686 |       0 |   0.0 |      15 |       0 |   0.0
        D:7 |     300 |       0 |   0.0 |       5 |       0 |   0.0
        D:9 |    1927 |    1110 |  36.5 |      20 |      14 |  41.2
            +---------+---------+-------+---------+---------+-------
